 Dungeon Crawl Stone Soup version 0.18-a0-1293-g5a2c81a (webtiles) character file.

715931 Oracle the Demonic Blade (level 27, -8/300 HPs)
             Began as a Demonspawn Fighter on Feb 10, 2016.
             Was the Champion of Cheibriados.
             Killed by divine providence
             ... invoked by a daeva
              (11 damage)
             ... on level 19 of a ziggurat.
             The game lasted 04:28:58 (69359 turns).

Oracle the Demonic Blade (Demonspawn Fighter)      Turns: 69359, Time: 04:28:58

Health: -8/300     AC: 34    Str: 35    XL:     27
Magic:  30/44      EV: 29    Int: 45    God:    Cheibriados [******]
Gold:   5660       SH: 26    Dex: 35    Spells: 9 memorised, 6 levels left

rFire  + + +     SeeInvis +     G - +6 scimitar of Flaming Death {sticky flame, rPois rF++ rC- MR+}
rCold  + + .     Gourm    .     (armour currently unavailable)
rNeg   + + +     Faith    .     z - +2 shield of Resistance {rF+ rC+ MR+}
rPois  ∞         Spirit   .     Q - +0 Maxwell's etheric cage {RegenMP+ *Contam rElec MP+4}
rElec  +         Dismiss  .     H - +2 cloak of the Thief {+Fog Slay-2 SInv Stlth+}
rCorr  .         Reflect  +     (gloves currently unavailable)
SustAt .         Harm     .     (boots unavailable)
MR     +++++                    e - amulet "Kesoaggapsa" {Reflect rF++ Str-5 Dex+3 Slay+6 SH+4}
Stlth  ++........               Z - ring of Peace {Fragile rC+ MR+ Int+4 Slay+3}
                                F - ring "Cannapha" {*Corrode +Fly rN+++ Int+10 Dex-2}

@: brilliant, agile, statue-form, contaminated, glowing, very slow, almost
entirely resistant to hostile enchantments, unstealthy
A: claws 1, hooves 3, rugged brown scales 3, cold resistance 1, fire resistance
2, ignite blood, negative energy resistance 1, powered by death 3, 50% torment
resistance, weak 1, black mark, flame cloud immunity, subdued magic 1,
MP-powered wands
a: End Transformation, Bend Time, Temporal Distortion, Slouch, Step From Time,
Renounce Religion, Evoke Fog, Evoke Flight
}: 3/15 runes: decaying, serpentine, silver


You were on level 19 of a ziggurat.
You worshipped Cheibriados.
Cheibriados was exalted by your worship.
You were completely stuffed.
You were a stone statue.
You visited 11 branches of the dungeon, and saw 55 of its levels.
You visited 1 bazaar.
You visited 1 ziggurat, and saw 19 of its levels.

You collected 9117 gold pieces.
You spent 3457 gold pieces at shops.

Inventory:

Hand Weapons
 o - the +9 scimitar of Tikluede {vamp, +Inv Stlth+}
   (You found it on level 3 of the Crypt)

   It inflicts no extra harm, but heals its wielder somewhat when it strikes a
   living foe.
   It lets you turn invisible.
   It makes you more stealthy.
 w - the +7 lajatang of Order {silver, rMut}
   (You found it on level 18 of a ziggurat)

   It protects you from mutation.
 G - the +6 scimitar of Flaming Death (weapon) {sticky flame, rPois rF++ rC- MR+}
   (You found it on level 16 of a ziggurat)

   It has been specially enchanted to burn those struck by it, causing extra
   injury to most foes and up to half again as much damage against particularly
   susceptible opponents.
   Big, fiery blades are also staple armaments of hydra-hunters.
   It greatly protects you from fire.
   It makes you vulnerable to cold.
   It protects you from poison.
   It affects your resistance to hostile enchantments.
 N - the +8 demon blade "Bloodbane" {slice, *Rage +Rage Stlth-}
   (You found it on level 3 of the Elven Halls)

   It inflicts extra damage upon your enemies.
   It lets you go berserk.
   It may make you go berserk in combat.
   It makes you less stealthy.
 X - a +9 double sword of protection
Armour
 z - the +2 shield of Resistance (worn) {rF+ rC+ MR+}
   (You took it off Donald on level 4 of the Snake Pit)

   It protects you from fire.
   It protects you from cold.
   It affects your resistance to hostile enchantments.
 H - the +2 cloak of the Thief (worn) {+Fog Slay-2 SInv Stlth+}
   (You found it on level 13 of a ziggurat)

   It affects your accuracy and damage with ranged weapons and melee attacks
   (-2).
   It lets you see invisible.
   It can be evoked to emit clouds of fog.
   It makes you more stealthy.
 L - the +9 gold dragon armour of Noagh (melded) {rPois rF+ rC+ Str+3 Slay+3}
   (You found it on level 10 of a ziggurat)

   It affects your strength (+3).
   It affects your accuracy and damage with ranged weapons and melee attacks
   (+3).
   It protects you from fire.
   It protects you from cold.
   It protects you from poison.
 P - the +3 pair of gauntlets of War (melded) {Slay+5}
   (You found it on level 7 of a ziggurat)

   It affects your accuracy and damage with ranged weapons and melee attacks
   (+5).
 Q - the +0 Maxwell's etheric cage (worn) {RegenMP+ *Contam rElec MP+4}
   (You found it on level 5 of the Depths)

   It insulates you from electricity.
   It affects your magic capacity (+4).
   It causes magical contamination when unequipped.
Rods
 K - a +9 rod of ignition (9/9)
   (You found it on level 18 of a ziggurat)
 R - a +5 lightning rod (14/14)
   (You found it on level 3 of the Elven Halls)
Jewellery
 b - the ring of Qicioshu {rC+ MP+9 Str+3 Int+2 Slay+3}
   (You found it on level 2 of the Depths)

   [ring of strength]

   It affects your strength (+3).
   It affects your intelligence (+2).
   It affects your accuracy and damage with ranged weapons and melee attacks
   (+3).
   It protects you from cold.
   It affects your magic capacity (+9).
 e - the amulet "Kesoaggapsa" (around neck) {Reflect rF++ Str-5 Dex+3 Slay+6 SH+4}
   (You found it on level 3 of the Elven Halls)

   [amulet of reflection]

   It shields you and reflects attacks.
   It affects your strength (-5).
   It affects your dexterity (+3).
   It affects your accuracy and damage with ranged weapons and melee attacks
   (+6).
   It greatly protects you from fire.
   It affects your SH (+4).
 g - the ring of Ziarghust {rF+ rC+ rN+ MR+ Int+2}
   (You found it on level 2 of the Depths)

   [ring of protection from fire]

   It affects your intelligence (+2).
   It protects you from fire.
   It protects you from cold.
   It protects you from negative energy.
   It affects your resistance to hostile enchantments.
 F - the ring "Cannapha" (left claw) {*Corrode +Fly rN+++ Int+10 Dex-2}
   (You bought it in a shop in a bazaar)

   [ring of flight]

   It affects your intelligence (+10).
   It affects your dexterity (-2).
   It renders you almost immune to negative energy.
   It lets you fly.
   It may corrode your equipment when you take damage.
 W - the ring of Conversion {SustAt Dex+4 SInv}
   (You found it on level 16 of a ziggurat)

   [ring of sustain attributes]

   It sustains your strength, intelligence and dexterity.
   It affects your dexterity (+4).
   It lets you see invisible.
 Z - the ring of Peace (right claw) {Fragile rC+ MR+ Int+4 Slay+3}
   (You found it on level 3 of the Elven Halls)

   [ring of protection from cold]

   It affects your intelligence (+4).
   It affects your accuracy and damage with ranged weapons and melee attacks
   (+3).
   It protects you from cold.
   It affects your resistance to hostile enchantments.
   It will be destroyed if unequipped.
Wands
 O - a wand of digging (9/24)
 T - a wand of disintegration (7/24)
Scrolls
 h - 7 scrolls of magic mapping
 j - 7 scrolls of immolation
 k - 15 scrolls of amnesia
 l - 12 scrolls of fog
 p - 11 scrolls of teleportation
 r - 28 scrolls of remove curse
 t - 13 scrolls of identify
 y - 7 scrolls of fear
 I - 8 scrolls of silence
 U - 15 scrolls of recharging
 Y - 3 scrolls of blinking
Potions
 d - 25 potions of curing
 f - 10 potions of heal wounds
 q - 13 potions of flight
 s - 3 potions of resistance
 u - 7 potions of cure mutation
 v - 5 potions of agility
 x - 2 potions of cancellation
 A - 5 potions of brilliance
 D - 8 potions of magic
 E - 4 potions of mutation
Books
 V - a book of Annihilations

   Spells                             Type                      Level
   a - Poison Arrow                   Conjuration/Poison           6
   b - Chain Lightning                Conjuration/Air              8
   c - Lehudib's Crystal Spear        Conjuration/Earth            8
   d - Glaciate                       Conjuration/Ice              9
   e - Fire Storm                     Conjuration/Fire             9
Miscellaneous
 a - a sack of spiders {used: 2}
 m - 4 phantom mirrors
 J - a fan of gales
 M - a legendary deck of changes {drawn: 3}
 S - a sack of spiders
Comestibles
 c - 2 royal jellies
 i - 26 meat rations
 B - 76 fruits
 C - 19 bread rations


   Skills:
 + Level 17.6 Fighting
 * Level 26.6 Long Blades
 * Level 18.2 Armour
 + Level 12.2 Dodging
 - Level 2.0 Stealth
 + Level 20.9 Shields
 * Level 13.4 Spellcasting
 + Level 1.7 Charms
 + Level 1.6 Summonings
 * Level 11.2 Necromancy
 + Level 1.5 Translocations
 * Level 14.1 Transmutations
 + Level 2.7 Earth Magic
 * Level 19.2 Invocations
 + Level 3.1 Evocations


You had 6 spell levels left.
You knew the following spells:

 Your Spells              Type           Power        Failure   Level  Hunger
a - Control Undead        Necr           #######...   0%          4    None
b - Statue Form           Trmt/Erth      ######...    1%          6    None
c - Infusion              Chrm           ####         1%          1    None
d - Animate Dead          Necr           N/A          0%          4    None
e - Recall                Summ/Tloc      N/A          1%          3    None
f - Regeneration          Chrm/Necr      ######....   0%          3    None
g - Necromutation         Trmt/Necr      #######...   2%          8    #####..
h - Death's Door          Chrm/Necr      ######....   58%         8    #####..
i - Tornado               Air            #####.....   100%        9    ######.


Dungeon Overview and Level Annotations

Branches:
Dungeon (15/15)            Temple (1/1) D:6            Lair (8/8) D:9
  Swamp (4/4) Lair:4        Snake (4/4) Lair:4        Slime (0/6) Lair:8
    Orc (2/2) D:10            Elf (3/3) Orc:2        Vaults (5/5) D:13
  Crypt (3/3) Vaults:3       Tomb (0/3) Crypt:3      Depths (5/5) D:15
    Zot (5/5) Depths:5

Altars:
Ashenzari
Cheibriados
Dithmenos
Elyvilon
Fedhas
Gozag
Kikubaaqudgha
Makhleb
Nemelex Xobeh
Okawaru
Pakellas
Qazlal
Ru
Sif Muna
Trog
Vehumet
Xom
Yredelemnul
Zin
The Shining One
Jiyva

Shops:
D:5 [==}   D:13 =   Orc:2 (?*?   Elf:1 %   Elf:3 [   Depths:1 !   Depths:5 (

Portals:
Hell: Depths:1 Depths:2 Depths:3 Depths:4 Depths:5
Abyss: Depths:1 Depths:2 Depths:4* Depths:5
Pandemonium: Depths:1 Depths:3

Annotations:
D:6 1 exclusion
Lair:1 exclusion: 4 oklob plants
Elf:2 3 runed doors


Innate Abilities, Weirdness & Mutations

You have hooves in place of feet.
(You are completely covered in rugged brown scales (AC +3, +7% HP).)
Your flesh is very heat resistant.
Your demonic aura causes spilled blood to erupt in flames.
You resist negative energy.
You regenerate a lot of health from kills.
You are somewhat able to resist unholy torments (1 in 2 success).
Your melee attacks may debilitate your foes.
You are immune to clouds of flame.
You have sharp fingernails.
Your flesh is cold resistant.
You are weak. (Str -2)
Your spells are a little easier to cast, but a little less powerful.
You expend magic power (3 MP) to strengthen your wands.


Message History

You feel somewhat less full.
The daeva shouts!
The angel shouts!
Drop what? 51/52 slots (_ for help) (? for menu, Esc to quit)
Okay, then.
Are you sure you want to leave this ziggurat?
You are contaminated with residual magic.
The daeva shouts!
The ophan turns its gaze towards you.
The daeva calls down the wrath of the Shining One upon you.
Something smites you!
* * * LOW HITPOINT WARNING * * *
The daeva calls down the wrath of the Shining One upon you.
Something smites you!
* * * LOW HITPOINT WARNING * * *
The daeva calls down the wrath of the Shining One upon you.
Something smites you!
* * * LOW HITPOINT WARNING * * *
The daeva calls down the wrath of the Shining One upon you.
Something smites you!
You die...

.......▓
.......▓▓▓▓▓▓▓▓▓▓▓
.................▓
.................▓
..........A...}}G▓
.............)|?)▓
..........A..A[A8▓
............A?[)>▓
.......AG....[)=∩▓
......AAA....[!|?▓
....AA†)G.....[))▓
....§§.AA........▓
....§§AGY........▓
....§§.▓▓▓▓▓▓▓▓▓▓▓
.....§§▓


You could see 4 daevas, an angel and an ophan.

Vanquished Creatures
  2 ancient liches (Vaults:5)
  Mara (Elf:3)
  Mennas (Depths:3)
  Boris (Vaults:5)
  Sojobo (Depths:2)
  A shard shrike (Zig:3)
  3 greater mummies (Zig:13)
  Saint Roka (Snake:3)
  Frederick (Depths:3)
  Margery (Depths:2)
  3 curse toes
  Norris (Snake:4)
  Nikola (Snake:3)
  3 Killer Klowns (Zot:2)
  13 golden dragons
  4 bone dragons
  4 doom hounds
  the Enchantress (Depths:4)
  An electric golem (Zot:2)
  A hellephant (Zot:2)
  Jorgrun (Snake:2)
  7 deep elf blademasters
  24 tentacled monstrosities
  Asterion (Snake:4)
  7 Shadow Fiends
  6 Orb Guardians (Zot:5)
  10 titans
  6 liches
  A quicksilver dragon (Vaults:5)
  5 death cobs
  The ghost of Duffy the Brawler, an adept DrMo of Cheibriados (Depths:1)
  3 deep elf master archers
  An eldritch tentacle (Vaults:5)
  7 sphinxes
  Frances (Snake:3)
  The ghost of Vojta the Bludgeoner, an adept GrGl of the Shining One (Vaults:3)
  4 thorn hunters
  A sphinx (shapeshifter) (Vaults:5)
  12 greater nagas
  An ancient champion (Crypt:1)
  13 storm dragons
  13 shadow dragons
  7 tengu reavers
  8 revenants
  3 draconian monks
  Wiglaf (Snake:3)
  Donald (Snake:4)
  11 draconian knights
  Roxanne (Snake:4)
  7 deep elf sorcerers
  Aizul (Snake:1)
  10 vault wardens
  A blood saint (Zig:16)
  12 fire giants
  3 angels
  Maud (D:11)
  5 orc warlords
  5 ghost moths
  2 iron dragons
  A deep elf elementalist (Elf:3)
  19 frost giants
  2 balrugs (Zig:9)
  3 curse skulls
  4 ghouls
  4 draconian zealots
  5 draconian scorchers
  4 draconian annihilators
  A draconian shifter (Zot:3)
  5 very ugly things
  6 spriggan defenders
  5 war gargoyles (Vaults:5)
  31 stone giants
  A salamander stormcaller (Vaults:5)
  4 reapers
  An ophan (Zig:19)
  18 ironheart preservers
  7 red draconians
  A draconian caller (Depths:5)
  9 black draconians
  7 vampire knights
  A dire elephant (Zot:2)
  2 spectral titans (Crypt:3)
  9 white draconians
  8 deep elf demonologists
  9 purple draconians
  15 deep elf annihilators
  16 yellow draconians
  6 green draconians
  13 mottled draconians
  2 bennus (Zig:13)
  13 eidola
  12 ettins
  15 deep elf death magi
  9 spark wasps
  Snorg (D:10)
  21 fire dragons
  5 minotaurs
  A mummy priest (Zig:13)
  33 vault guards
  6 merfolk impalers
  9 deep elf high priests
  A crystal guardian (Vaults:5)
  Josephine (Snake:1)
  18 jiangshi
  3 merfolk javelineers
  Fannar (Orc:1)
  9 great orbs of eyes
  7 rakshasas
  5 entropy weavers
  16 hydras
  14 yaktaur captains
  10 spriggan air magi
  3 merfolk avatars
  Erolcha (D:12)
  19 ice dragons
  A death knight (Zig:14)
  2 quicksilver dragon skeletons (Crypt:3)
  5 catoblepae
  19 ogre magi
  13 anacondas
  A ghost crab (shapeshifter) (Depths:2)
  14 naga warriors
  4 ghost crabs
  An iron giant zombie (Depths:1)
  8 centaur warriors
  4 satyrs
  An iron giant skeleton (Crypt:1)
  22 dancing weapons
  2 spectral fire giants (Crypt:3)
  6 merfolk aquamancers
  5 alligators
  9 vampire magi
  2 spectral stone giants (Crypt:3)
  12 deep troll earth magi
  5 death yaks (Lair:8)
  9 orc high priests
  7 tengu warriors
  3 thrashing horrors (Zig:2)
  12 deep troll shamans
  A small abomination (Elf:3)
  15 spriggan berserkers
  3 spectral storm dragons (Crypt:3)
  30 deep elf knights
  14 naga sharpshooters
  8 shock serpents
  3 soul eaters
  9 spriggans
  The ghost of Tomstefer the Cleaver, a novice MiGl of Okawaru (D:9)
  14 hell knights
  A fire crab (shapeshifter) (Vaults:3)
  3 storm dragon zombies
  The ghost of Oracle the Chopper, a novice DgFi (D:8)
  3 titan skeletons
  3 fire crabs
  2 salamander mystics
  A spectral catoblepas (Crypt:3)
  8 iron trolls
  14 shadow wraiths
  2 golden dragon zombies
  35 skeletal warriors
  12 swamp dragons
  A death scarab (Zig:13)
  An infernal demonspawn (Depths:3)
  4 large abominations
  2 spark wasp zombies
  4 unseen horrors
  9 shadow demons
  9 flayed ghosts
  A sea snake (Zig:10)
  40 deep trolls
  2 spectral iron dragons (Crypt:3)
  4 giant orange brains
  A shadow dragon zombie (Zig:13)
  20 deep elf archers
  11 hill giants
  A tengu zombie (Zig:18)
  A sea snake (shapeshifter) (Elf:2)
  15 phantasmal warriors
  Pikel (D:6)
  An unseen horror (shapeshifter) (Vaults:3)
  11 naga ritualists
  19 ironbrand convokers
  13 orc knights
  An orange crystal statue (Zig:11)
  2 anubis guards (Zig:13)
  19 necromancers
  3 orb spiders (Zig:17)
  3 shambling mangroves
  19 harpies
  14 wizards
  A golden dragon skeleton (Depths:4)
  92 deep elf magi
  An iron dragon zombie (Zig:13)
  5 mana vipers
  3 human zombies
  10 orc sorcerers
  2 sphinx zombies
  2 stone giant zombies
  A hornet (shapeshifter) (Depths:4)
  4 oklob plants
  A fire giant zombie (Zig:11)
  10 fauns
  A shadow dragon skeleton (Depths:1)
  14 wolf spiders
  8 griffons
  8 hornets
  A salamander (shapeshifter) (Vaults:1)
  11 salamanders
  A manticore (shapeshifter) (Depths:2)
  25 ugly things
  4 water nymphs (Zig:12)
  A frost giant zombie (Zig:9)
  8 manticores
  2 cyclopes
  6 vault sentinels
  24 moths of wrath
  2 iron dragon skeletons
  3 elf zombies
  3 spriggan zombies
  3 sirens
  A fire giant skeleton (Depths:4)
  2 guardian serpents (shapeshifter)
  3 guardian serpents
  A smoke demon (Depths:3)
  A stone giant skeleton (Zig:9)
  A spectral shock serpent (Crypt:3)
  A titan simulacrum (Crypt:3)
  A torpor snail (Lair:3)
  17 elephants
  Psyche (Vaults:1)
  27 naga magi
  A torpor snail (shapeshifter) (Vaults:5)
  35 black mambas
  2 gargoyles (D:13)
  2 orange demons (Depths:3)
  22 spiny frogs
  3 tormentors
  20 freezing wraiths
  4 komodo dragons
  43 yaktaurs
  An elf skeleton (Zig:18)
  A pale draconian zombie (Crypt:2)
  6 kobold demonologists
  4 demonic crawlers (Zig:17)
  An ancient zyme (Zig:5)
  A sea snake zombie (Crypt:1)
  A fire drake (shapeshifter) (D:15)
  2 ice devils
  3 fire drakes
  A minotaur zombie (Crypt:3)
  7 guardian mummies (Zig:13)
  6 tengu conjurers
  2 trolls (shapeshifter)
  35 two-headed ogres
  13 trolls
  A wind drake (Zig:7)
  A wind drake (shapeshifter) (D:14)
  A sphinx simulacrum (Depths:1)
  A queen bee (D:13)
  3 jumping spiders (Zig:17)
  A merfolk (shapeshifter) (Depths:5)
  5 polar bears
  2 snapping turtles
  35 merfolk
  A shadow dragon simulacrum (Depths:1)
  3 raiju
  3 silent spectres (Zig:18)
  A satyr zombie (Crypt:1)
  9 boulder beetles
  4 giant leeches
  A death drake skeleton (Crypt:2)
  A hornet zombie (D:13)
  8 blink frogs
  An ettin zombie (Vaults:2)
  43 slime creatures
  4 bog bodies
  A fire giant simulacrum (Crypt:1)
  An iron dragon simulacrum (Depths:4)
  4 ushabtiu (Zig:13)
  3 flying skulls
  9 air elementals
  An ettin skeleton (Vaults:1)
  An ice dragon skeleton (Crypt:3)
  An ice dragon zombie (Crypt:1)
  7 shadows
  A griffon skeleton (Crypt:2)
  A redback (shapeshifter) (Elf:1)
  13 wraiths
  33 yaks
  9 tarantellas
  A wyvern (shapeshifter) (D:15)
  A centaur simulacrum (D:15)
  15 redbacks
  13 water elementals
  A guardian serpent skeleton (Crypt:1)
  A hog (D:10)
  2 spriggan simulacra
  3 vampires (Vaults:1)
  7 wyverns
  The ghost of Duffy the Chopper, an amateur HOFi (D:4)
  Eustachio (D:5)
  5 basilisks
  19 humans
  4 fire elementals
  A human (shapeshifter) (Vaults:1)
  3 hungry ghosts
  14 hippogriffs
  Grum (D:11)
  12 wolves
  3 mottled dragons
  7 wargs
  A deep troll zombie (Vaults:2)
  51 nagas
  2 wargs (shapeshifter)
  26 vampire mosquitoes
  A swamp worm (shapeshifter) (Zig:6)
  A soldier ant (shapeshifter) (Vaults:3)
  Duvessa (D:4)
  2 hell hounds (Zig:9)
  A water moccasin (shapeshifter) (Depths:1)
  A hydra simulacrum (Crypt:3)
  13 water moccasins
  2 soldier ants
  21 swamp worms
  17 porcupines
  48 orc warriors
  A spectral snapping turtle (Crypt:3)
  9 swamp drakes
  An ettin simulacrum (Vaults:2)
  A manticore zombie (Crypt:2)
  3 ice beasts
  14 wasps
  2 wasps (shapeshifter)
  6 phantoms
  5 sky beasts
  2 black bears
  2 eyes of draining
  An ice dragon simulacrum (Depths:1)
  15 necrophages
  10 boggarts
  7 crocodiles
  2 eyes of draining (shapeshifter)
  71 ogres
  2 swamp dragon skeletons
  24 centaurs
  A dryad zombie (Crypt:2)
  A crocodile (shapeshifter) (Depths:2)
  9 big kobolds
  A salamander zombie (Crypt:2)
  Blork the orc (Vaults:1)
  22 giant frogs
  2 gnoll sergeants (D:6)
  2 earth elementals
  Dowan (D:4)
  A cyclops zombie (Crypt:1)
  A wyvern skeleton (D:14)
  2 salamander skeletons
  A polar bear zombie (Crypt:2)
  5 scorpions
  50 killer bees
  2 vampire bats (Lair:7)
  28 wights
  An electric eel (Lair:2)
  11 crimson imps
  2 giant frog zombies
  A yaktaur simulacrum (Depths:1)
  6 centaur zombies
  7 jellies
  39 orc wizards
  22 orc priests
  A quasit (D:7)
  7 hounds
  A giant frog skeleton (D:10)
  Jessica (Vaults:1)
  A black bear skeleton (Crypt:2)
  4 centaur skeletons
  8 iguanas
  9 worker ants
  Ijyb (Vaults:1)
  16 sheep
  A naga skeleton (Crypt:2)
  A hound zombie (Crypt:1)
  2 hound skeletons
  14 mummies (Zig:13)
  9 gnolls (D:6)
  A steam dragon zombie (Crypt:1)
  13 adders
  29 river rats
  4 shadow imps
  A white imp (Zig:3)
  4 giant eyeballs (Depths:2)
  An ufetubus (Depths:1)
  An ooze (D:7)
  2 adder zombies
  An adder skeleton (D:4)
  2 worms
  4 giant geckos
  122 orcs
  4 ball pythons
  13 bats
  10 giant cockroaches
  6 goblins
  13 hobgoblins
  6 jackals
  25 kobolds
  8 quokkas
  A ball python zombie (Crypt:3)
  A giant gecko zombie (D:8)
  5 giant newts
  3 jackal skeletons
  A quokka skeleton (D:9)
  15 rats
  5 briar patches
  3 crawling corpses
  A lost soul (Crypt:1)
  3 plants
3111 creatures vanquished.

Vanquished Creatures (collateral kills)
  A pearl dragon (Zig:19)
  A doom hound (Zig:18)
  2 ghost moths (Zig:17)
  A caustic shrike zombie (Zig:18)
  An angel (Zig:19)
  A reaper (Zig:18)
  A stone giant (Zig:15)
  An apis (Zig:19)
  A merfolk javelineer (Zig:12)
  A merfolk impaler (Zig:12)
  An ogre mage (Zig:15)
  An orc high priest (Zig:15)
  A phantasmal warrior (Zig:18)
  2 orb spiders (Zig:17)
  A hornet (Zig:17)
  2 moths of wrath (Zig:15)
  A faun (Zig:12)
  2 sirens (Zig:12)
  A spriggan zombie (Zig:18)
  A torpor snail (Zig:17)
  A demonic crawler (Zig:17)
  A hellion (Zig:18)
  2 jumping spiders (Zig:17)
  A troll (Zig:15)
  A merfolk (Zig:12)
  A wind drake (Zig:12)
  A water elemental (Zig:12)
  3 orc warriors (Zig:15)
  A lightning spire (Zig:12)
  A shadow imp (Zig:18)
37 creatures vanquished.

Vanquished Creatures (others)
  Vashnia (Snake:2)
  A Shadow Fiend (Zig:14)
  A deep elf master archer (Elf:2)
  A shadow dragon (Zig:14)
  3 fire giants
  2 ghost moths
  A vault warden (Vaults:4)
  A deep elf elementalist (Elf:3)
  2 stone giants
  A blood saint (Zig:16)
  A black sun (Zig:14)
  A deep elf annihilator (D:13)
  A vault guard (Vaults:5)
  3 merfolk javelineers
  2 yaktaur captains
  A tengu warrior (Depths:5)
  A small abomination (Elf:3)
  3 naga sharpshooters
  2 deep elf knights (Elf:3)
  3 soul eaters
  A sea snake (Zig:10)
  4 deep elf archers
  A harpy (Zig:10)
  3 necromancers
  2 wizards
  3 orb spiders (Zig:17)
  A faun (Zig:10)
  A moth of wrath (Zig:17)
  A siren (Zig:12)
  A vault sentinel (Vaults:1)
  A black mamba (Snake:3)
  12 yaktaurs
  A freezing wraith (Vaults:3)
  A demonic crawler (Zig:17)
  2 merfolk
  A slime creature (Swamp:4)
  A two-headed ogre (Vaults:5)
  An air elemental (Elf:3)
  A water elemental (Elf:3)
  A vampire (Vaults:1)
  A necrophage (Zig:9)
  A boggart (Depths:2)
  A scorpion (D:6)
  A slave (D:6)
  4 centaurs
  A killer bee (D:13)
  An adder (D:6)
  A shadow imp (D:6)
  An adder zombie (D:6)
  3 orcs
  2 kobolds
  A briar patch (Swamp:4)
  15 eldritch tentacle segments (Vaults:5)
  4 fungi
  7 lost souls
  5 plants
121 creatures vanquished.

Grand Total: 3269 creatures vanquished

Notes
Turn   | Place    | Note
--------------------------------------------------------------
     0 | D:1      | Oracle the Demonspawn Fighter began the quest for the Orb.
     0 | D:1      | Reached XP level 1. HP: 18/18 MP: 1/1
   150 | D:1      | Gained mutation: You are partially covered in rugged brown scales (AC +1, +3% HP). [demonic ancestry]
   150 | D:1      | Reached XP level 2. HP: 18/24 MP: 2/2
  1117 | D:2      | Gained mutation: Your flesh is heat resistant. [demonic ancestry]
  1117 | D:2      | Reached XP level 3. HP: 29/29 MP: 3/3
  1237 | D:2      | Found an oddly glowing altar of Pakellas.
  1287 | D:2      | Found a glowing silver altar of Zin.
  2079 | D:3      | Gained mutation: You are mostly covered in rugged brown scales (AC +2, +5% HP). [demonic ancestry]
  2079 | D:3      | Reached XP level 4. HP: 25/36 MP: 4/4
  2847 | D:3      | Reached skill level 1 in Dodging
  2847 | D:3      | Gained mutation: You are immune to clouds of flame. [demonic ancestry]
  2847 | D:3      | Reached XP level 5. HP: 43/43 MP: 5/5
  3042 | D:4      | Noticed Duffy's ghost (amateur HOFi)
  3045 | D:4      | Reached skill level 4 in Shields
  3277 | D:4      | Found a shattered altar of Ashenzari.
  3305 | D:4      | Noticed a phantom
  3330 | D:4      | Killed a phantom
  3477 | D:4      | HP: 2/43 [Duffy's ghost (12)]
  3478 | D:5      | Entered Level 5 of the Dungeon
  3488 | D:5      | Gained mutation: You regenerate a little health from kills. [demonic ancestry]
  3488 | D:5      | Reached XP level 6. HP: 19/49 MP: 6/6
  3906 | D:5      | Found Sizixig's Jewellery Shop.
  3911 | D:5      | Noticed Eustachio
  3911 | D:5      | Gained mutation: You have large cloven feet. [demonic ancestry]
  3911 | D:5      | Reached XP level 7. HP: 55/55 MP: 7/7
  3939 | D:5      | Killed Eustachio
  3939 | D:5      | Reached skill level 5 in Shields
  4034 | D:5      | Found Sekhlaptixo's Jewellery Emporium.
  4208 | D:5      | Found Tiecull's Gadget Shop.
  4294 | D:5      | Found Muitupp's Armour Shop.
  4309 | D:5      | Bought a +0 pair of gloves for 63 gold pieces
  4309 | D:5      | Bought a +0 pair of boots for 63 gold pieces
  5052 | D:4      | Found a sparkling altar of Nemelex Xobeh.
  5052 | D:4      | Found an opulent altar of Gozag.
  5090 | D:4      | Found an iron altar of Okawaru.
  5103 | D:4      | Became a worshipper of Warmaster Okawaru
  5788 | D:4      | Killed Duffy's ghost
  5788 | D:4      | Gained mutation: You have hoof-like feet. [demonic ancestry]
  5788 | D:4      | Reached XP level 8. HP: 64/64 MP: 8/8
  5880 | D:4      | Noticed Duvessa
  5883 | D:4      | Noticed Dowan
  5896 | D:4      | Killed Duvessa
  5896 | D:4      | Reached skill level 5 in Long Blades
  5913 | D:4      | Killed Dowan
  5913 | D:4      | Reached * piety under Okawaru
  6366 | D:6      | Found a staircase to the Ecumenical Temple.
  6386 | D:6      | Noticed Pikel
  6426 | D:6      | Killed Pikel
  6426 | D:6      | Reached skill level 5 in Armour
  6426 | D:6      | Reached skill level 6 in Shields
  6437 | Temple   | Entered the Ecumenical Temple
  6635 | D:6      | Gained mutation: You regenerate health from kills. [demonic ancestry]
  6635 | D:6      | Reached XP level 9. HP: 70/70 MP: 9/9
  6651 | D:6      | Reached skill level 1 in Invocations
  6741 | D:6      | Reached ** piety under Okawaru
  6741 | D:6      | Reached skill level 5 in Fighting
  6796 | D:6      | Reached skill level 7 in Shields
  7420 | D:6      | Noticed a moth of wrath
  7423 | D:6      | Found a bloodstained altar of Trog.
  8083 | D:7      | Reached *** piety under Okawaru
  8256 | D:7      | Found an ancient bone altar of Kikubaaqudgha.
  8591 | D:8      | Noticed Oracle's ghost (novice DgFi)
  9431 | D:8      | Gained mutation: Your demonic aura causes spilled blood to erupt in flames. [demonic ancestry]
  9431 | D:8      | Reached XP level 10. HP: 77/77 MP: 13/13
  9530 | D:8      | Reached skill level 8 in Shields
  9543 | D:8      | Noticed a green ugly thing
  9551 | D:8      | Killed a green ugly thing
  9551 | D:8      | Reached skill level 5 in Invocations
  9623 | D:8      | Found an oddly glowing altar of Pakellas.
  9837 | D:9      | Reached **** piety under Okawaru
  9890 | D:9      | Found a staircase to the Lair.
  9912 | D:9      | Reached skill level 5 in Dodging
  9996 | D:9      | Got a faintly glowing falchion
  9997 | D:9      | Identified the +2 falchion of Erulytza {slice, Fragile +Fly MR+ Dex+4} (You found it on level 9 of the Dungeon)
 10416 | D:9      | Noticed Tomstefer's ghost (novice MiGl)
 10431 | D:9      | Killed Tomstefer's ghost
 10431 | D:9      | Reached ***** piety under Okawaru
 10431 | D:9      | Received a gift from Okawaru
 10647 | D:10     | Entered Level 10 of the Dungeon
 11026 | D:10     | Received a gift from Okawaru
 11026 | D:10     | Reached skill level 1 in Evocations
 11026 | D:10     | Reached XP level 11. HP: 80/85 MP: 14/16
 11195 | D:10     | Found a staircase to the Orcish Mines.
 11199 | D:10     | Noticed Snorg
 11216 | D:10     | Killed Snorg
 11216 | D:10     | Reached skill level 9 in Shields
 11908 | D:10     | Reached skill level 1 in Stealth
 11924 | D:10     | Noticed a hill giant
 11939 | D:10     | Killed a hill giant
 12486 | Lair:1   | Entered Level 1 of the Lair of Beasts
 12487 | Lair:1   | Gained mutation: Your mind is acute. (Int +2) [mutagenic meat]
 12488 | Lair:1   | Gained mutation: Your flesh is cold resistant. [mutagenic meat]
 12494 | Lair:1   | Received a gift from Okawaru
 13165 | Lair:1   | Noticed an oklob plant
 13165 | Lair:1   | Noticed an oklob plant
 13166 | Lair:1   | Noticed an oklob plant
 13166 | Lair:1   | Noticed an oklob plant
 14152 | Lair:3   | Noticed an oklob plant
 14156 | Lair:3   | Killed an oklob plant
 14263 | Lair:3   | Reached skill level 10 in Shields
 14263 | Lair:3   | Gained mutation: You have hooves in place of feet. [demonic ancestry]
 14263 | Lair:3   | Reached XP level 12. HP: 92/92 MP: 18/18
 14296 | Lair:3   | Received a gift from Okawaru
 14415 | Lair:3   | Reached skill level 10 in Long Blades
 14958 | Lair:4   | Found a staircase to the Swamp.
 15420 | Lair:4   | Found a staircase to the Snake Pit.
 15735 | Lair:5   | Noticed an eight-headed hydra
 15741 | Lair:5   | Killed an 11-headed hydra
 16024 | Lair:5   | Noticed a six-headed hydra
 16032 | Lair:5   | Killed a nine-headed hydra
 16076 | Lair:5   | Noticed a catoblepas
 16089 | Lair:5   | Killed a catoblepas
 16089 | Lair:5   | Reached ****** piety under Okawaru
 16089 | Lair:5   | Reached skill level 11 in Long Blades
 16417 | Lair:6   | Received a gift from Okawaru
 16420 | Lair:6   | Got a slimy demon trident {god gift}
 16644 | Lair:6   | Reached XP level 13. HP: 97/101 MP: 20/20
 16657 | Lair:6   | Reached skill level 10 in Invocations
 16818 | Lair:6   | Identified the +11 demon trident of Doubt {vamp, Int+4} (Okawaru gifted it to you on level 6 of the Lair of Beasts)
 18099 | Orc:1    | Entered Level 1 of the Orcish Mines
 18297 | Orc:2    | Entered Level 2 of the Orcish Mines
 18300 | Orc:2    | Found a staircase to the Elven Halls.
 18602 | Orc:2    | Reached skill level 12 in Long Blades
 18714 | Orc:2    | Found Holaikel's Magic Scroll Shoppe.
 18730 | Orc:2    | Received a gift from Okawaru
 18823 | Orc:2    | Found Uruster's Magic Scroll Boutique.
 18825 | Orc:2    | Found Eghiqugi's Weapon Shoppe.
 18828 | Orc:2    | Found Fyseniop's Assorted Antiques.
 18853 | Orc:2    | Bought a scroll of magic mapping for 52 gold pieces
 18853 | Orc:2    | Bought a scroll of enchant weapon for 112 gold pieces
 18853 | Orc:2    | Bought a scroll of remove curse for 45 gold pieces
 18853 | Orc:2    | Bought a scroll of teleportation for 45 gold pieces
 18853 | Orc:2    | Bought a scroll of fear for 52 gold pieces
 18853 | Orc:2    | Bought a scroll of summoning for 142 gold pieces
 18872 | Orc:2    | Bought a scroll of identify for 28 gold pieces
 18872 | Orc:2    | Bought a scroll of identify for 28 gold pieces
 18872 | Orc:2    | Bought a scroll of identify for 28 gold pieces
 18872 | Orc:2    | Bought a scroll of summoning for 133 gold pieces
 18874 | Orc:2    | Bought a scroll labeled JUASEARIRR for 22 gold pieces
 18874 | Orc:2    | Bought 2 scrolls labeled OLLUIMP VAUNUELADD for 44 gold pieces
 18876 | Orc:2    | Bought a scroll labeled JUASEARIRR for 22 gold pieces
 19505 | D:11     | Noticed Maud
 19513 | D:11     | Killed Maud
 19727 | D:11     | Noticed Grum
 19753 | D:11     | Killed Grum
 20123 | D:11     | Reached XP level 14. HP: 111/111 MP: 22/22
 20301 | D:12     | Received a gift from Okawaru
 20423 | D:12     | Reached skill level 13 in Long Blades
 20708 | D:12     | Noticed Erolcha
 20711 | D:12     | Killed Erolcha
 20849 | D:12     | Got a spiked plate armour
 20860 | D:12     | Identified the +3 plate armour "Wurawk" {rF+ rC- Dex+2} (You found it on level 12 of the Dungeon)
 21238 | D:13     | Found Isaaxt's Jewellery Boutique.
 21353 | D:13     | Found a gate to the Vaults.
 21429 | D:13     | Received a gift from Okawaru
 21668 | D:13     | Reached skill level 14 in Long Blades
 21839 | D:13     | Found an oddly glowing altar of Pakellas.
 22431 | D:14     | Received a gift from Okawaru
 22574 | D:14     | Found an iron altar of Okawaru.
 22868 | D:15     | Entered Level 15 of the Dungeon
 23010 | D:15     | Found a bloodstained altar of Trog.
 23022 | D:15     | Reached XP level 15. HP: 119/119 MP: 24/24
 23227 | D:15     | Found a staircase to the Depths.
 23350 | D:15     | Found a glowing golden altar of the Shining One.
 23878 | Lair:8   | Entered Level 8 of the Lair of Beasts
 23879 | Lair:8   | Found a viscous altar of Jiyva.
 23879 | Lair:8   | Found a staircase to the Slime Pits.
 24342 | Lair:8   | Reached skill level 15 in Long Blades
 24348 | Lair:8   | Received a gift from Okawaru
 24383 | Lair:8   | Got a pitted bronze ring
 24384 | Lair:8   | Identified the ring of Xom's Whimsicality {Fragile +Inv +Fly rElec rC+} (You found it on level 8 of the Lair of Beasts)
 24396 | Lair:8   | Got a distressingly furry scale mail
 24407 | Lair:8   | Identified the +4 scale mail of the Eternal Fruit {rElec Dex+4} (You found it on level 8 of the Lair of Beasts)
 24612 | Lair:8   | Received a gift from Okawaru
 24790 | Snake:1  | Entered Level 1 of the Snake Pit
 24916 | D:8      | Killed Oracle's ghost
 24987 | D:5      | Bought an uncursed ring of poison resistance for 220 gold pieces
 25195 | Snake:1  | Noticed Josephine
 25199 | Snake:1  | Killed Josephine
 25199 | Snake:1  | Reached skill level 10 in Fighting
 25243 | Snake:1  | Noticed Aizul
 25252 | Snake:1  | Killed Aizul
 25998 | Snake:2  | Noticed Jorgrun
 26010 | Snake:2  | Killed Jorgrun
 26010 | Snake:2  | Received a gift from Okawaru
 26301 | Snake:2  | Received a gift from Okawaru
 26301 | Snake:2  | Gained mutation: You resist negative energy. [demonic ancestry]
 26301 | Snake:2  | Reached XP level 16. HP: 88/129 MP: 22/25
 26304 | Snake:2  | Reached skill level 16 in Long Blades
 26355 | Snake:2  | Noticed Vashnia
 26387 | Snake:2  | Killed Vashnia
 26734 | Snake:2  | Found a runed door.
 26946 | Snake:2  | Identified Zuimappa's Grimoire of Necromancy and Poisoning
 27035 | Snake:2  | Got a heavily runed plate armour {god gift}
 27046 | Snake:2  | Identified the +8 plate armour of Okawaru's Supremacy {Str+4} (Okawaru gifted it to you on level 2 of the Snake Pit)
 27139 | Snake:2  | Learned a level 4 spell: Control Undead
 27461 | Snake:3  | Noticed Saint Roka
 27502 | Snake:3  | Killed Saint Roka
 27536 | Snake:3  | Noticed Nikola
 27540 | Snake:3  | Noticed Wiglaf
 27546 | Snake:3  | Killed Nikola
 27556 | Snake:3  | Killed Wiglaf
 27559 | Snake:3  | Received a gift from Okawaru
 27599 | Snake:3  | Reached skill level 17 in Long Blades
 27742 | Snake:3  | Noticed Frances
 27750 | Snake:3  | Killed Frances
 27960 | Snake:4  | Entered Level 4 of the Snake Pit
 28008 | Snake:4  | Noticed Donald
 28048 | Snake:4  | Found a flickering gateway to a bazaar.
 28057 | Bazaar   | Entered a bazaar
 28180 | Bazaar   | Found Niheun's Weapon Shoppe.
 28200 | Bazaar   | Found Wausk's Weapon Emporium.
 28206 | Bazaar   | Found Haveaw's Book Boutique.
 28210 | Bazaar   | Found Pithrehe's Jewellery Shoppe.
 28217 | Bazaar   | Found Vodwumpe's Magic Scroll Shop.
 28225 | Bazaar   | Identified a scroll of acquirement
 28246 | Bazaar   | Bought a scroll of enchant armour for 60 gold pieces
 28246 | Bazaar   | Bought a scroll of torment for 60 gold pieces
 28290 | Bazaar   | Bought a scroll of enchant armour for 60 gold pieces
 28290 | Bazaar   | Bought 2 scrolls of enchant weapon for 120 gold pieces
 28290 | Bazaar   | Bought a scroll of teleportation for 24 gold pieces
 28290 | Bazaar   | Bought a scroll of teleportation for 24 gold pieces
 28290 | Bazaar   | Bought a scroll of teleportation for 24 gold pieces
 28375 | Bazaar   | Bought the ring "Cannapha" {*Corrode +Fly rN+++ Int+10 Dex-2} for 793 gold pieces
 28432 | Snake:4  | Gained mutation: You are somewhat able to resist unholy torments (1 in 2 success). [demonic ancestry]
 28432 | Snake:4  | Reached XP level 17. HP: 131/137 MP: 26/26
 28445 | Snake:4  | Killed Donald
 28588 | Snake:4  | Received a gift from Okawaru
 28862 | Snake:4  | Noticed Norris
 28879 | Snake:4  | Killed Norris
 28889 | Snake:4  | Noticed Roxanne
 28986 | Snake:4  | Killed Roxanne
 28991 | Snake:4  | Identified Roxanne's Catalogue of Moulding and the Mountains (You took it off Roxanne on level 4 of the Snake Pit)
 28993 | Snake:4  | Noticed Asterion
 28999 | Snake:4  | Learned a level 6 spell: Statue Form
 29010 | Snake:4  | Killed Asterion
 29069 | Snake:4  | Reached skill level 10 in Armour
 29081 | Snake:4  | Received a gift from Okawaru
 29096 | Snake:4  | Reached skill level 18 in Long Blades
 29290 | Snake:4  | Got a serpentine rune of Zot
 30055 | Snake:4  | Got an ichor-stained falchion {god gift}
 30056 | Snake:4  | Identified the +2 falchion of Purpose {elec, rPois Str+3 Int+4} (Okawaru gifted it to you on level 4 of the Snake Pit)
 30187 | Swamp:1  | Entered Level 1 of the Swamp
 30366 | Swamp:1  | Received a gift from Okawaru
 30642 | Swamp:1  | Reached XP level 18. HP: 147/147 MP: 27/27
 30836 | Swamp:1  | Got a brightly glowing shield {god gift}
 30847 | Swamp:1  | Identified the +3 shield "Ciupsaqi" {+Blink rF+} (Okawaru gifted it to you on level 1 of the Swamp)
 31662 | Swamp:2  | You fall through a shaft!
 32588 | Swamp:4  | Entered Level 4 of the Swamp
 33307 | Swamp:4  | Reached skill level 19 in Long Blades
 33498 | Swamp:4  | Got a decaying rune of Zot
 33706 | Swamp:4  | Reached skill level 15 in Shields
 34161 | Vaults:1 | Entered Level 1 of the Vaults
 34408 | Vaults:1 | Received a gift from Okawaru
 34880 | Vaults:1 | Noticed Blork the orc
 34880 | Vaults:1 | Noticed Jessica
 35018 | Vaults:1 | Reached XP level 19. HP: 155/155 MP: 28/28
 35044 | Vaults:1 | Received a gift from Okawaru
 35099 | Vaults:1 | Killed Blork the orc
 35179 | Vaults:1 | Noticed Ijyb
 35180 | Vaults:1 | Killed Ijyb
 35194 | Vaults:1 | Noticed Psyche
 35222 | Vaults:1 | Received a gift from Okawaru
 35225 | Vaults:1 | Reached skill level 20 in Long Blades
 35242 | Vaults:1 | Killed Jessica
 35254 | Vaults:1 | Killed Psyche
 35870 | Vaults:2 | Reached skill level 1 in Transmutations
 36676 | Vaults:2 | Received a gift from Okawaru
 36968 | Vaults:2 | Got a dazzling dagger {god gift}
 36969 | Vaults:2 | Identified the +1 dagger of the Queen {flame, rC+} (Okawaru gifted it to you on level 2 of the Vaults)
 37180 | Vaults:3 | Noticed Vojta's ghost (adept GrGl)
 37217 | Vaults:3 | Killed Vojta's ghost
 37375 | Vaults:3 | Found a staircase to the Crypt.
 37828 | Vaults:3 | Received a gift from Okawaru
 37962 | Vaults:3 | Gained mutation: Your melee attacks may debilitate your foes. [demonic ancestry]
 37962 | Vaults:3 | Reached XP level 20. HP: 164/164 MP: 29/29
 38278 | Vaults:3 | Received a gift from Okawaru
 38564 | Vaults:3 | Reached skill level 21 in Long Blades
 39569 | Vaults:4 | Reached skill level 5 in Transmutations
 40067 | Vaults:1 | Learned a level 1 spell: Infusion
 40300 | Temple   | Fell from the grace of Okawaru
 40300 | Temple   | Became a worshipper of Cheibriados the Contemplative
 40490 | Orc:1    | Noticed Fannar
 40503 | Orc:1    | Killed Fannar
 40642 | Elf:1    | Entered Level 1 of the Elven Halls
 40642 | Elf:1    | Found Igalat's Food Shop.
 40662 | Elf:1    | Bought a meat ration for 55 gold pieces
 40662 | Elf:1    | Bought a meat ration for 55 gold pieces
 40662 | Elf:1    | Bought a meat ration for 55 gold pieces
 40662 | Elf:1    | Bought a meat ration for 55 gold pieces
 40662 | Elf:1    | Bought a meat ration for 55 gold pieces
 40968 | Elf:1    | Reached * piety under Cheibriados
 40984 | Elf:1    | Reached skill level 1 in Spellcasting
 41361 | Elf:1    | Reached ** piety under Cheibriados
 42486 | Elf:1    | Found an ancient bone altar of Kikubaaqudgha.
 42935 | Elf:2    | Reached *** piety under Cheibriados
 42942 | Elf:2    | Reached XP level 21. HP: 173/173 MP: 30/30
 43093 | Elf:2    | Reached **** piety under Cheibriados
 43109 | Elf:2    | Found a runed gate.
 43109 | Elf:2    | Found a runed gate.
 43110 | Elf:2    | Found a runed gate.
 43426 | Elf:2    | Reached ***** piety under Cheibriados
 43603 | Elf:2    | Reached skill level 22 in Long Blades
 44023 | Elf:3    | Entered Level 3 of the Elven Halls
 44283 | Elf:3    | Found Xoes Gull's Antique Armour Boutique.
 44288 | Elf:3    | Bought a glowing helmet for 198 gold pieces
 45174 | Elf:3    | Noticed Mara
 45210 | Elf:3    | Noticed Oracle's illusion
 45429 | Elf:3    | Reached ****** piety under Cheibriados
 45594 | Elf:3    | Got a steaming ring mail
 45595 | Elf:3    | Identified the +2 ring mail "Vitisuc" {Regen+} (You found it on level 3 of the Elven Halls)
 45629 | Elf:3    | Got a clouded graven amulet
 45630 | Elf:3    | Identified the amulet of Jevi {Dismiss rPois Dex+3 SInv} (You found it on level 3 of the Elven Halls)
 45670 | Elf:3    | Got a fine silver ring
 45672 | Elf:3    | Identified the ring "Osaxito" {rPois rF+ MR+ MP+9 SInv} (You took it off a deep elf annihilator on level 3 of the Elven Halls)
 45724 | Elf:3    | Got a brightly glowing platinum ring
 45727 | Elf:3    | Identified the ring of Peace {Fragile rC+ MR+ Int+4 Slay+3} (You found it on level 3 of the Elven Halls)
 45737 | Elf:3    | Got a bound bronze amulet
 45738 | Elf:3    | Identified the amulet "Kesoaggapsa" {Reflect rF++ Str-5 Dex+3 Slay+6 SH+4} (You found it on level 3 of the Elven Halls)
 45759 | Elf:3    | Got a transparent amethyst amulet
 45760 | Elf:3    | Identified the amulet of the Forgotten Songs {Harm *Drain Str-3 Dex+5} (You found it on level 3 of the Elven Halls)
 45777 | Elf:3    | Identified Sif Muna's Handbook of Enchantment (You found it on level 3 of the Elven Halls)
 45832 | Elf:3    | Noticed Oracle's illusion
 45838 | Elf:3    | Noticed Oracle's illusion
 45841 | Elf:3    | Killed Mara
 46079 | Elf:3    | Was forgiven by Okawaru
 46341 | Elf:3    | Identified the Papyrus of Augmentations
 46387 | Elf:3    | Got a crude robe
 46398 | Elf:3    | Identified the +2 robe of Suphyoha {Stlth+} (You found it on level 3 of the Elven Halls)
 46693 | Depths:1 | Entered Level 1 of the Depths
 46693 | Depths:1 | Noticed Duffy's ghost (adept DrMo)
 46716 | Depths:1 | Killed Duffy's ghost
 46838 | Depths:1 | Gained mutation: You are completely covered in rugged brown scales (AC +3, +7% HP). [demonic ancestry]
 46838 | Depths:1 | Reached XP level 22. HP: 174/185 MP: 31/31
 46942 | Depths:1 | Found a gateway to Hell.
 46986 | Depths:1 | Found a one-way gate to the infinite horrors of the Abyss.
 47038 | Depths:1 | Reached skill level 5 in Spellcasting
 47074 | Depths:1 | Found a gateway to a ziggurat.
 47123 | Depths:1 | Found Cutotirgh's Distillery.
 47127 | Depths:1 | Bought a potion of agility for 72 gold pieces
 47127 | Depths:1 | Bought a potion of cure mutation for 360 gold pieces
 47127 | Depths:1 | Bought a potion of heal wounds for 90 gold pieces
 47127 | Depths:1 | Bought a potion of curing for 54 gold pieces
 47127 | Depths:1 | Bought a potion of curing for 54 gold pieces
 47127 | Depths:1 | Bought a potion of heal wounds for 90 gold pieces
 47353 | Depths:1 | Found a shadowy altar of Dithmenos.
 47439 | Depths:1 | Found a one-way gate leading to the halls of Pandemonium.
 47703 | Depths:2 | Paralysed by a giant eyeball for 4 turns
 47817 | Depths:2 | Paralysed by a giant eyeball for 2 turns
 47823 | Depths:2 | Paralysed by a giant eyeball for 2 turns
 48015 | Depths:2 | Paralysed by a giant eyeball for 3 turns
 48053 | Depths:2 | Noticed Sojobo
 48058 | Depths:2 | Killed Sojobo
 48187 | Depths:2 | Paralysed by a giant eyeball for 3 turns
 48275 | Depths:2 | Found a snail-covered altar of Cheibriados.
 48294 | Depths:2 | Noticed Margery
 48304 | Depths:2 | Killed Margery
 48333 | Depths:2 | Got a scintillating lead ring
 48334 | Depths:2 | Identified the ring of Ziarghust {rF+ rC+ rN+ MR+ Int+2} (You found it on level 2 of the Depths)
 48449 | Depths:2 | Reached skill level 15 in Fighting
 48464 | Depths:2 | Got a coiled marble ring
 48467 | Depths:2 | Identified the ring of Qicioshu {rC+ MP+9 Str+3 Int+2 Slay+3} (You found it on level 2 of the Depths)
 48501 | Depths:2 | Reached skill level 23 in Long Blades
 48576 | Depths:2 | Found an ancient bone altar of Kikubaaqudgha.
 48711 | Depths:2 | Got a twitching tin ring
 48712 | Depths:2 | Identified the ring of Gozag's Approval {Fire SInv} (You found it on level 2 of the Depths)
 49041 | Depths:3 | Reached XP level 23. HP: 151/193 MP: 33/33
 49228 | Depths:3 | Noticed Mennas
 49244 | Depths:3 | Noticed Frederick
 49244 | Depths:3 | Killed Mennas
 49255 | Depths:3 | Killed Frederick
 49910 | Depths:4 | Noticed the Enchantress
 49938 | Depths:4 | Killed the Enchantress
 50009 | Depths:4 | Found a shimmering altar of Xom.
 50732 | Depths:4 | Got a faerie dragon armour
 50743 | Depths:4 | Identified the +1 faerie dragon armour {rElec rPois MP+2 Str-2} (You took it off the Enchantress on level 4 of the Depths)
 50777 | Depths:5 | Entered Level 5 of the Depths
 50940 | Depths:5 | Found Geqypha's Weapon Shop.
 51237 | Depths:5 | Found a gate to the Realm of Zot.
 51514 | Depths:5 | Gained mutation: You regenerate a lot of health from kills. [demonic ancestry]
 51514 | Depths:5 | Reached XP level 24. HP: 175/202 MP: 35/35
 52141 | Depths:5 | Reached skill level 10 in Transmutations
 52495 | Vaults:5 | Entered Level 5 of the Vaults
 52516 | Vaults:5 | Reached skill level 24 in Long Blades
 52907 | Vaults:5 | Noticed Boris
 52920 | Vaults:5 | Killed Boris
 53225 | Vaults:5 | Noticed an ancient lich
 53231 | Vaults:5 | Killed an ancient lich
 53234 | Vaults:5 | Reached XP level 25. HP: 209/209 MP: 36/36
 53374 | Vaults:5 | Got a crude glass ring
 53456 | Vaults:5 | Gained mutation: Your magical capacity is low (-10% MP). [mutagenic glow]
 53725 | Vaults:5 | Got a sparkling brass amulet
 53877 | Vaults:5 | Gained mutation: You occasionally shout uncontrollably at your foes. [mutagenic glow]
 53901 | Vaults:5 | Gained mutation: You tend to lose your temper in combat. [mutagenic glow]
 54087 | Vaults:5 | Identified the ring of Osmuoc {*Tele rPois} (You took it off a vault warden on level 5 of the Vaults)
 54089 | Vaults:5 | Identified the amulet "Ajaanypt" {Harm *Drain rElec} (You took it off an ironheart preserver on level 5 of the Vaults)
 54178 | Vaults:5 | Noticed an ancient lich
 54180 | Vaults:5 | Killed an ancient lich
 54180 | Vaults:5 | Reached skill level 15 in Invocations
 54202 | Vaults:5 | Got an ancient lapis lazuli ring
 54422 | Vaults:5 | Identified the ring "Bisidwech" {rN+ MP-9 Int+3 Dex+3 Stlth+} (You took it off a vault warden on level 5 of the Vaults)
 54432 | Vaults:5 | Learned a level 4 spell: Animate Dead
 54447 | Vaults:5 | Learned a level 3 spell: Recall
 54599 | Vaults:5 | Got a silver rune of Zot
 54675 | Crypt:1  | Entered Level 1 of the Crypt
 54692 | Crypt:1  | Reached skill level 10 in Spellcasting
 55087 | Crypt:1  | Reached skill level 1 in Necromancy
 56205 | Crypt:2  | Got a smoking jade ring
 56209 | Crypt:2  | Identified the ring of Zidgh {rElec MR+} (You found it on level 2 of the Crypt)
 56625 | Crypt:3  | Entered Level 3 of the Crypt
 56743 | Crypt:3  | Found a staircase to the Tomb.
 56771 | Crypt:3  | Reached skill level 25 in Long Blades
 56916 | Crypt:3  | Reached XP level 26. HP: 219/219 MP: 33/33
 57069 | Crypt:3  | Gained mutation: You are frail (-10% HP). [mutagenic glow]
 57370 | Crypt:3  | Identified the Compendium of Unholy Arts
 57677 | Crypt:3  | Got an aquamarine-encrusted ring mail
 57688 | Crypt:3  | Identified the +4 ring mail of Ashenzari {-Cast MR++ Slay+2} (You found it on level 3 of the Crypt)
 57897 | Crypt:3  | Got a warped scimitar
 57898 | Crypt:3  | Identified the +9 scimitar of Tikluede {vamp, +Inv Stlth+} (You found it on level 3 of the Crypt)
 58223 | D:15     | Gained mutation: Scrolls take you a little longer to read. [mutagenic glow]
 58278 | D:15     | Gained mutation: You are weak. (Str -2) [mutagenic glow]
 58688 | Depths:2 | Lost mutation: Scrolls take you a little longer to read. [potion of cure mutation]
 58688 | Depths:2 | Lost mutation: You are weak. (Str -2) [potion of cure mutation]
 58688 | Depths:2 | Lost mutation: You are frail (-10% HP). [potion of cure mutation]
 58770 | Depths:5 | Gained mutation: You sometimes yell uncontrollably at your foes. [mutagenic glow]
 58800 | Zot:1    | Entered Level 1 of the Realm of Zot
 59248 | Zot:1    | Reached skill level 15 in Armour
 60444 | Zot:2    | Reached skill level 5 in Necromancy
 61409 | Zot:3    | Reached XP level 27. HP: 226/226 MP: 4/34
 63307 | Zot:4    | Gained mutation: Your body sometimes deteriorates upon taking damage. [mutagenic glow]
 63520 | Zot:3    | Gained mutation: Scrolls take you a little longer to read. [mutagenic glow]
 63569 | Zot:3    | Reached skill level 10 in Dodging
 63613 | Zot:5    | Entered Level 5 of the Realm of Zot
 63701 | Zot:5    | Reached skill level 26 in Long Blades
 63757 | Zot:5    | Noticed an ancient lich
 63782 | Zot:5    | Lost mutation: Your body sometimes deteriorates upon taking damage. [potion of cure mutation]
 63782 | Zot:5    | Lost mutation: Scrolls take you a little longer to read. [potion of cure mutation]
 63782 | Zot:5    | Lost mutation: Your mind is acute. (Int +2) [potion of cure mutation]
 63782 | Zot:5    | Lost mutation: You tend to lose your temper in combat. [potion of cure mutation]
 64175 | Zig:1    | Entered Level 1 of a ziggurat
 64198 | Zig:2    | Entered Level 2 of a ziggurat
 64232 | Zig:3    | Entered Level 3 of a ziggurat
 64607 | Zig:4    | Entered Level 4 of a ziggurat
 64643 | Zig:5    | Entered Level 5 of a ziggurat
 64647 | Zig:5    | Gained mutation: You are dopey. (Int -2) [mutagenic glow]
 65045 | Zig:6    | Entered Level 6 of a ziggurat
 65059 | Zig:6    | Reached skill level 1 in Earth Magic
 65077 | Zig:6    | Learned a level 3 spell: Regeneration
 65092 | Zig:6    | Reached skill level 1 in Charms
 65300 | Zig:7    | Entered Level 7 of a ziggurat
 65386 | Zig:7    | Got a citrine-encrusted ring mail
 65387 | Zig:7    | Identified the +1 ring mail of the Gusle {rCorr} (You found it on level 7 of a ziggurat)
 65397 | Zig:8    | Entered Level 8 of a ziggurat
 65442 | Zig:8    | Identified the Incunabulum of Nocuous Bewitchment (You found it on level 8 of a ziggurat)
 65463 | Zig:8    | Lost mutation: You sometimes yell uncontrollably at your foes. [potion of mutation]
 65463 | Zig:8    | Gained mutation: Scrolls take you a little longer to read. [potion of mutation]
 65464 | Zig:8    | Lost mutation: Scrolls take you a little longer to read. [potion of mutation]
 65464 | Zig:8    | Gained mutation: You are resistant to electric shocks. [potion of mutation]
 65464 | Zig:8    | Lost mutation: You are resistant to electric shocks. [potion of mutation]
 65465 | Zig:8    | Gained mutation: You sometimes yell uncontrollably at your foes. [potion of mutation]
 65465 | Zig:8    | Gained mutation: Your magical capacity is very low (-20% MP). [potion of mutation]
 65465 | Zig:8    | Gained mutation: You have sharp fingernails. [potion of mutation]
 65466 | Zig:8    | Lost mutation: Your magical capacity is very low (-20% MP). [potion of mutation]
 65466 | Zig:8    | Lost mutation: You are dopey. (Int -2) [potion of mutation]
 65466 | Zig:8    | Gained mutation: Your mind is acute. (Int +2) [potion of mutation]
 65467 | Zig:8    | Gained mutation: Your flesh is very heat resistant. [potion of mutation]
 65467 | Zig:8    | Lost mutation: Your magical capacity is low (-10% MP). [potion of mutation]
 65484 | Zig:9    | Entered Level 9 of a ziggurat
 65768 | Zig:9    | Reached skill level 1 in Summonings
 65768 | Zig:9    | Reached skill level 1 in Translocations
 65781 | Zig:9    | Gained mutation: You expend magic power (3 MP) to strengthen your wands. [mutagenic glow]
 65784 | Zig:9    | Identified the Catalogue of Feathers
 65788 | Zig:9    | Identified the Almanac of the Blessed Realm
 65921 | Zig:10   | Entered Level 10 of a ziggurat
 66079 | Zig:10   | Got an encrusted gold dragon armour
 66090 | Zig:10   | Identified the +9 gold dragon armour of Noagh {rPois rF+ rC+ Str+3 Slay+3} (You found it on level 10 of a ziggurat)
 66105 | Zig:10   | Identified a +6 rod of inaccuracy (13/13) (You found it on level 10 of a ziggurat)
 66111 | Zig:10   | Got a glittering gossamer ring
 66112 | Zig:10   | Identified the ring "Xixaud" {*Tele MR+ Int+4} (You found it on level 10 of a ziggurat)
 66285 | Zig:11   | Entered Level 11 of a ziggurat
 66350 | Zig:11   | Got a twitching turquoise ring
 66351 | Zig:11   | Identified the ring "Ugiasod" {rN+ MP+9} (You found it on level 11 of a ziggurat)
 66376 | Zig:11   | Got an ichor-stained hat
 66382 | Zig:11   | Gained mutation: You are clumsy. (Dex -2) [mutagenic glow]
 66387 | Zig:11   | Identified the +0 hat of Misanthropy {Str+6 Int-4 Dex+3} (You found it on level 11 of a ziggurat)
 66671 | Zig:11   | Gained mutation: Scrolls take you a little longer to read. [mutagenic glow]
 66767 | Zig:11   | Gained mutation: Your body sometimes deteriorates upon taking damage. [mutagenic glow]
 66768 | Zig:11   | Lost mutation: Scrolls take you a little longer to read. [potion of cure mutation]
 66768 | Zig:11   | Lost mutation: Your body sometimes deteriorates upon taking damage. [potion of cure mutation]
 66768 | Zig:11   | Lost mutation: Your mind is acute. (Int +2) [potion of cure mutation]
 66768 | Zig:11   | Lost mutation: You expend magic power (3 MP) to strengthen your wands. [potion of cure mutation]
 66797 | Zig:11   | Gained mutation: You are frail (-10% HP). [mutagenic glow]
 67108 | Zig:12   | Entered Level 12 of a ziggurat
 67186 | Zig:12   | Got a flickering marble ring
 67187 | Zig:12   | Identified the ring "Odatsytt" {rF- rC++ Str+2 Stlth+} (You found it on level 12 of a ziggurat)
 67213 | Zig:13   | Entered Level 13 of a ziggurat
 67225 | Zig:13   | Noticed a greater mummy
 67226 | Zig:13   | Noticed a greater mummy
 67228 | Zig:13   | Noticed a greater mummy
 67235 | Zig:13   | Killed a greater mummy
 67235 | Zig:13   | Killed a greater mummy
 67235 | Zig:13   | Killed a greater mummy
 67321 | Zig:14   | Entered Level 14 of a ziggurat
 67352 | Zig:14   | Reached skill level 10 in Necromancy
 67680 | Zig:14   | Got a wavering brass ring
 67687 | Zig:14   | Identified the cursed ring of Qeiren {rPois MP+9 AC-3 Dex+5} (You found it on level 14 of a ziggurat)
 68094 | Zig:15   | Entered Level 15 of a ziggurat
 68142 | Zig:15   | HP: 9/267 [iron troll (15)]
 68386 | Zig:16   | Entered Level 16 of a ziggurat
 68485 | Zig:16   | Got a translucent wooden ring
 68490 | Zig:16   | Identified the ring of Conversion {SustAt Dex+4 SInv} (You found it on level 16 of a ziggurat)
 68514 | Zig:17   | Entered Level 17 of a ziggurat
 68691 | Zig:17   | Learned a level 8 spell: Necromutation
 68691 | Zig:17   | Lost mutation: You sometimes yell uncontrollably at your foes. [potion of cure mutation]
 68691 | Zig:17   | Lost mutation: You are clumsy. (Dex -2) [potion of cure mutation]
 68691 | Zig:17   | Lost mutation: You are frail (-10% HP). [potion of cure mutation]
 68691 | Zig:17   | Lost mutation: You occasionally shout uncontrollably at your foes. [potion of cure mutation]
 68718 | Zig:17   | Learned a level 8 spell: Death's Door
 68731 | Zig:17   | Learned a level 9 spell: Tornado
 68738 | Zig:17   | Got a sparkling wooden ring
 68739 | Zig:17   | Identified the ring "Roaphikh" {+Blink MP+9 Str+5} (You found it on level 17 of a ziggurat)
 68790 | Zig:17   | Gained mutation: You are weak. (Str -2) [mutagenic glow]
 68929 | Zig:17   | Gained mutation: Your spells are a little easier to cast, but a little less powerful. [mutagenic glow]
 69061 | Zig:18   | Entered Level 18 of a ziggurat
 69237 | Zig:18   | Identified a +9 rod of ignition (9/9) (You found it on level 18 of a ziggurat)
 69254 | Zig:18   | Identified Edao's Almanac of Unholy Rituals
 69260 | Zig:18   | Identified Vehumet's Grimoire of Arcane Weapons (You found it on level 18 of a ziggurat)
 69318 | Zig:18   | Gained mutation: You expend magic power (3 MP) to strengthen your wands. [mutagenic glow]
 69321 | Zig:19   | Entered Level 19 of a ziggurat
 69359 | Zig:19   | HP: 3/300 [daeva/divine providence (14)]
 69359 | Zig:19   | Killed from afar by a daeva

Vault maps used:
D:1:      co_arrival_random_square_maze
D:2:      lemuel_crystal_altar, overflow_temple_1_default
D:4:      grunt_temple_overflow_opulence, nicolae_ashenzari_panopticon,
          okawaru_metal_pillars_1_2, first_bread, grunt_ministairs_2,
          uniq_duvessa
D:5:      serial_shops, shop_statue, shop, shop, kennysheep_mini, st_stairs_8,
          uniq_eustachio
D:6:      kennysheep_housing_project, tgw_trog, minmay_temple_entry_trees,
          roderic_lattice_a, kennysheep_generic_room_15, uniq_pikel
D:7:      marbit_many_paths
D:8:      basic_altar
D:9:      minmay_lair_entry_lava
D:10:     orc_0_dummy, grunt_livestock, eino_jars, uniq_snorg
D:11:     serial_column_ruins, column_ruins_grid_1, column_ruins_open_medium,
          column_ruins_open_large, column_ruins_open_medium,
          column_ruins_open_small, grunt_ministairs_7, uniq_maud, uniq_grum
D:12:     uniq_erolcha
D:13:     lightli_vaults_fourway_checkpoint, serial_shops,
          nicolae_shop_statue_plus, serial_bayou_pond_c,
          gammafunk_pakellas_spire_experiment
D:14:     minmay_misc_feat_pillars, basic_altar
D:15:     gammafunk_enter_depths_forms, old_standard_altar, tso_altar
Temple:   circular_temple_12
Lair:1:   dpeg_oklob_gauntlet, grunt_megastairs_1
Lair:2:   cheibrodos_lair_caveside_slide, serial_bayou_shore_a,
          lemuel_fruit_fields
Lair:3:   grunt_megastairs_4
Lair:4:   swamp_mist_pool, dummy_snake_entry
Lair:5:   bh_autumn_forest_stairs
Lair:6:   beast_lair_carwin_1, grunt_megastairs_3
Lair:7:   roderic_batcave, lemuel_fruit_tree, infiniplex_staircase_pool
Lair:8:   grunt_lair_end_beastmaster, slime_altar_1, st_stairs_8
Swamp:1:  evilmike_swamp_ruin_house_5
Swamp:2:  evilmike_swamp_ruin_house_1
Swamp:3:  hangedman_swamp_ruin_wall, swamp_pool5
Swamp:4:  swamp_alternative
Snake:1:  spider_trap, nicolae_snake_linked_coils, nrook_loot_triangle,
          serial_bayou_shore_b, uniq_aizul, uniq_josephine
Snake:2:  lightli_airlock, uniq_frances, uniq_jorgrun, uniq_vashnia
Snake:3:  uniq_nikola, uniq_wiglaf, uniq_saint_roka
Snake:4:  snake_pit, serial_shops, bzr_entry_water, st_stairs_1, uniq_roxanne,
          uniq_asterion, uniq_norris, uniq_donald
Orc:1:    uniq_fannar
Orc:2:    st_orc_elflike
Elf:1:    serial_shops, shop, basic_altar, hangedman_elf_disciples,
          serial_sigils_hangedman_gut
Elf:2:    roderic_roman_lattice
Elf:3:    minmay_elf_hall_spiked, serial_shops, nicolae_shop_statue_plus,
          grunt_ministairs_4, nicolae_elf_glass_and_crystal_pillar_1, uniq_mara
Vaults:1: metal_show, ontoclasm_vaults_claustrophobia, v_misc_9,
          hangedman_vaults_corner_blocks, nicolae_vaults_border_crossing,
          vaults_dpeg_cross, grunt_vaults_hallway_short, vaults_room_hallway,
          vaults_mumra_lcd, hangedman_vaults_river_flow,
          vaults_standard_mumra_x, hangedman_vaults_trim,
          nicolae_vaults_little_squares_1
Vaults:2: hangedman_vaults_capsules, st_more_cells, vaults_dpeg_spiral,
          vaults_dpeg_doors, hangedman_vaults_nodes, vaults_room_door_ring,
          vaults_room_pools
Vaults:3: nicolae_vaults_circle_grid_a, ontoclasm_vaults_ligature,
          hangedman_vaults_corner_blocks, minmay_crypt_entry_simple_plaza,
          v_alt_pattern_5, nicolae_vaults_yaktaur_gun_rack,
          nicolae_vaults_what_the_h, grunt_vaults_hallway_short,
          vaults_room_door_hall, v_misc_5, v_misc_2, vaults_dpeg_diagonal
Vaults:4: vaults_mumra_minichess, grunt_vaults_trifunnel,
          nicolae_vaults_circle_grid_a, ontoclasm_vaults_ring_large,
          vaults_dpeg_hooks, hangedman_vaults_nails
Vaults:5: serial_shops, uniq_boris
Crypt:1:  grunt_megastairs_2
Crypt:2:  serial_co_window_serial, co_window_corner_a,
          co_window_of_opportunity_a, co_window_cross_1,
          co_window_of_opportunity_a, co_window_paths_a, co_window_broadway_a,
          co_window_broadway_b, co_window_corner_ca, co_window_2corner,
          co_window_paths_d, glass_columns_a, glass_columns_a
Crypt:3:  due_elkab
Depths:1: enter_ziggurat_f, grunt_hell_entry_dis_grunt, serial_shops,
          nicolae_shop_stone, abyss_entry, lemuel_round_altar,
          grunt_pan_entry_sceptre, hangedman_corner_corridor
Depths:2: hangedman_spin_cycle, hell_entry, abyss_entry
Depths:3: cheibrodos_lost_city_excavation, rand_demon_pan_entry_8,
          hangedman_coc_ice_floe, serial_sigils_hangedman_scratch,
          basic_stair_grate_trap, infiniplex_staircase_star, uniq_frederick,
          uniq_mennas
Depths:4: due_chaos_kobolds, abyss_entry, minmay_misc_feat_five, hell_entry,
          minmay_staircase_windowed_small, uniq_enchantress
Depths:5: evilmike_zot_entry_diamond, abyss_entry_crystal,
          pf_dread_powers_of_hell, serial_shops, shop_fountains, grunt_decor_cap
Zot:2:    circus_mu, st_stairs_8
Zot:3:    nicolae_moth_party, zot_minivault_4
Zot:4:    kennysheep_oblong_rooms
Zig:7:    ziggurat_pillar_centre_c
Zig:8:    ziggurat_pillar_centre_dead_trees
Zig:9:    ziggurat_pillar_centre_oklobs
Zig:18:   ziggurat_pillar_centre_smoke
Bazaar:   bazaar_kb_twisted_cavern

Action                   |  1- 3 |  4- 6 |  7- 9 | 10-12 | 13-15 | 16-18 | 19-21 | 22-24 | 25-27 || total
-------------------------+-------+-------+-------+-------+-------+-------+-------+-------+-------++-------
Melee: Long sword        |   136 |       |       |       |       |       |       |       |       ||   136
       Falchion          |    41 |   141 |   923 |   568 |       |       |       |       |       ||  1673
       Double sword      |       |       |       |   283 |  1199 |  1287 |  1901 |    87 |   568 ||  5325
       Demon blade       |       |       |       |       |       |       |    91 |   962 |   189 ||  1242
       Scimitar          |       |       |       |       |       |       |       |       |  1353 ||  1353
 Cast: Infusion          |       |       |       |       |       |       |     3 |     1 |       ||     4
       Statue Form       |       |       |       |       |       |       |       |     2 |    23 ||    25
       Animate Dead      |       |       |       |       |       |       |       |       |     2 ||     2
Invok: Heroism           |       |       |       |     1 |     3 |     5 |     1 |       |       ||    10
       Finesse           |       |       |       |       |     1 |       |       |       |       ||     1
       Bend Time         |       |       |       |       |       |       |     1 |       |       ||     1
       Slouch            |       |       |       |       |       |       |       |     2 |    14 ||    16
       Step From Time    |       |       |       |       |       |       |       |       |     3 ||     3
 Abil: Evoke Flight      |       |       |       |     1 |       |       |       |       |       ||     1
       Evoke Fog         |       |       |       |       |       |       |       |       |     2 ||     2
Evoke: Wand              |       |       |     7 |    12 |     1 |       |     1 |     1 |     1 ||    23
       Deck              |       |       |       |       |       |       |       |       |     3 ||     3
       Sack of spiders   |       |       |       |       |       |       |       |       |     3 ||     3
  Use: Scroll            |     3 |       |     8 |    16 |    19 |     9 |    22 |     7 |    34 ||   118
       Potion            |       |     5 |       |     1 |     2 |     5 |     5 |     4 |    32 ||    54
 Stab: Paralysed         |       |       |       |     2 |       |       |       |       |       ||     2
       Petrified         |       |       |       |       |     4 |       |       |       |       ||     4
       Petrifying        |       |       |       |       |     1 |       |       |       |     1 ||     2
       Distracted        |       |       |       |       |       |       |     1 |     1 |     1 ||     3
  Eat: Chunk             |     3 |     2 |    14 |    22 |    17 |     9 |    12 |    26 |     8 ||   113
       Pizza             |     1 |       |     1 |     2 |     9 |       |       |     2 |       ||    15
       Bread ration      |     1 |       |       |       |       |       |     4 |     2 |     7 ||    14
       Meat ration       |       |     1 |       |       |       |       |       |       |       ||     1
       Beef jerky        |       |       |     1 |     1 |     4 |     1 |     2 |     4 |    10 ||    23
       Fruit             |       |       |       |     2 |       |       |       |       |       ||     2
       Royal jelly       |       |       |       |       |       |     8 |     1 |     1 |     5 ||    15
